 Dungeon Crawl Stone Soup version 0.20.1-1-g8b1a95d (webtiles) character file.

344 StormFighter the Firebug (level 6, -4/32 HPs)
             Began as a Deep Elf Fire Elementalist on July 8, 2017.
             Slain by Quirk's ghost (7 damage)
             ... on level 5 of the Dungeon.
             The game lasted 00:10:10 (3134 turns).

StormFighter the Firebug (DEFE)                     Turns: 3134, Time: 00:10:10

Health: -4/32      AC:  5    Str: 10    XL:     6   Next: 31%
Magic:  7/15       EV: 13    Int: 22    God:
Gold:   82         SH:  0    Dex: 15    Spells: 3/14 levels left

rFire    . . .     SeeInvis .   a - +4 quarterstaff (chaos)
rCold    . . .     Gourm    .   (shield currently unavailable)
rNeg     . . .     Faith    .   w - +0 robe
rPois    .         Spirit   .   (no helmet)
rElec    .         Reflect  .   x - +1 cloak
rCorr    .         Harm     .   v - +0 pair of gloves
MR       .....                  (no boots)
Stlth    ++........             (no amulet)
Regen    0.1/turn               (no ring)
MPRegen  0.2/turn               (no ring)

@: mighty, lethally poisoned (-4 -> -9), flying
A: no striking features
a: no special abilities


You were on level 5 of the Dungeon.
You were very hungry.

You visited 1 branch of the dungeon, and saw 5 of its levels.

You collected 82 gold pieces.

Inventory:

Hand Weapons
 a - a +4 quarterstaff of chaos (weapon)
 b - a +0 blowgun
 d - a +0 dagger
Missiles
 E - 18 poisoned needles
Armour
 v - a +0 pair of gloves (worn)
 w - a +0 robe (worn)
 x - a +1 cloak (worn)
Scrolls
 e - 6 scrolls of identify {unknown}
 g - 2 scrolls of recharging {unknown}
 h - 2 scrolls of teleportation {unknown}
 k - 2 scrolls of immolation {unknown}
 l - 3 scrolls of remove curse {unknown}
 q - a scroll of blinking {unknown}
 r - a scroll of fog {unknown}
 t - a scroll of amnesia {unknown}
 C - a scroll of enchant weapon {unknown}
Potions
 f - a potion of cancellation {unknown}
 i - 2 potions of heal wounds {unknown}
 j - a potion of flight
 m - a potion of magic {unknown}
 o - a potion of agility {unknown}
 p - a potion of berserk rage {unknown}
 s - a potion of might
 A - a potion of curing
 B - a potion of haste {unknown}
Books
 y - a book of Callings

   Spells                             Type                      Level
   a - Summon Small Mammal            Summoning                    1
   b - Call Imp                       Summoning                    2
   c - Call Canine Familiar           Summoning                    3
   d - Summon Guardian Golem          Hexes/Summoning              3
   e - Summon Lightning Spire         Summoning/Air                4
   f - Summon Ice Beast               Ice/Summoning                4
 D - a book of Flames

   Spells                             Type                      Level
   a - Flame Tongue                   Conjuration/Fire             1
   b - Throw Flame                    Conjuration/Fire             2
   c - Conjure Flame                  Conjuration/Fire             3
   d - Inner Flame                    Hexes/Fire                   3
   e - Sticky Flame                   Conjuration/Fire             4
   f - Fireball                       Conjuration/Fire             5
Comestibles
 c - 4 bread rations
 n - 4 fruits
 u - a meat ration
 F - a royal jelly


   Skills:
 - Level 2.4 Dodging
 - Level 2.4 Stealth
 + Level 4.9 Spellcasting
 * Level 4.6 Conjurations
 * Level 5.3 Fire Magic


You had 3 spell levels left.
You knew the following spells:

 Your Spells              Type           Power        Failure   Level  Hunger
a - Flame Tongue          Conj/Fire      ####.        1%          1    None
b - Conjure Flame         Conj/Fire      ####....     3%          3    ##.....
c - Sticky Flame          Conj/Fire      ####....     13%         4    ####...
d - Call Canine Familiar  Summ           #.......     30%         3    ##.....


Dungeon Overview and Level Annotations

Branches:
Dungeon (5/15)
 Temple: D:4-7

Altars:
Elyvilon
Hepliaklqana
Makhleb
Xom

Annotations:
D:4 polve's ghost, amateur DsGl
D:5 Quirk's ghost, novice DsFi


Message History

Casting: Sticky Flame
Confirm with . or Enter, or press ? or * to list all spells.
Aiming: Flame Tongue
Press: ? - help, Shift-Dir - straight line, f/p - Quirk's ghost
Aim: Quirk's ghost, wielding a weapon of venom (lightly damaged)
The flame tongue hits Quirk's ghost.
Quirk's ghost is moderately damaged.
Quirk's ghost hits you.
* * * LOW HITPOINT WARNING * * *
You are lethally poisoned!
Casting: Flame Tongue
Confirm with . or Enter, or press ? or * to list all spells.
Aiming: Flame Tongue
Press: ? - help, Shift-Dir - straight line, f/p - Quirk's ghost
Aim: Quirk's ghost, wielding a weapon of venom (moderately damaged)
The flame tongue hits Quirk's ghost.
Quirk's ghost is moderately damaged.
* * * LOW HITPOINT WARNING * * *
You feel sick. Quirk's ghost hits you!
You die...

.................+
.................#
...##.....##.....#
#.....########
#......# #......#
#......# #..W...#
#..@...# ########


You could see Quirk's ghost.

Vanquished Creatures
  2 scorpions (D:4)
  Crazy Yiuf (D:2)
  5 adders
  8 gnolls
  2 oozes
  A worm (D:2)
  3 dart slugs
  3 leopard geckos
  4 orcs (D:3)
  A giant cockroach (D:1)
  5 goblins
  6 hobgoblins
  6 jackals
  3 quokkas
  4 bats
  14 frilled lizards
  8 kobolds
  8 rats
84 creatures vanquished.

Notes
Turn   | Place    | Note
-------+----------+-------------------------------------------
     0 | D:1      | StormFighter the Deep Elf Fire Elementalist began the quest for the Orb.
     0 | D:1      | Reached XP level 1. HP: 10/10 MP: 6/6
   176 | D:1      | Reached XP level 2. HP: 15/15 MP: 5/8
   746 | D:1      | Reached XP level 3. HP: 19/19 MP: 7/10
   887 | D:2      | Learned a level 3 spell: Conjure Flame
  1098 | D:2      | Reached skill level 4 in Fire Magic
  1192 | D:2      | Reached XP level 4. HP: 22/24 MP: 6/11
  1441 | D:2      | Found a runed door.
  1475 | D:2      | Noticed Crazy Yiuf
  1485 | D:2      | Killed Crazy Yiuf
  1805 | D:3      | Reached XP level 5. HP: 28/28 MP: 2/13
  2325 | D:3      | Found a glowing golden altar of the Shining One.
  2327 | D:3      | Found a white marble altar of Elyvilon.
  2327 | D:3      | Found a burning altar of Makhleb.
  2329 | D:3      | Found a hazy altar of Hepliaklqana.
  2329 | D:3      | Found a white marble altar of Elyvilon.
  2329 | D:3      | Found a shimmering altar of Xom.
  2479 | D:4      | HP: 1/28 [gnoll/halberd (17)]
  2766 | D:4      | Reached skill level 5 in Fire Magic
  2802 | D:4      | Reached XP level 6. HP: 32/32 MP: 0/15
  2916 | D:4      | Noticed polve's ghost (amateur DsGl)
  3022 | D:4      | Learned a level 4 spell: Sticky Flame
  3026 | D:4      | Learned a level 3 spell: Call Canine Familiar
  3075 | D:5      | Entered Level 5 of the Dungeon
  3092 | D:5      | Noticed Quirk's ghost (novice DsFi)
  3129 | D:5      | HP: 1/32 [poisoned by Quirk's ghost]
  3134 | D:5      | Slain by Quirk's ghost

Skill      XL: |  1  2  3  4  5 |
---------------+----------------+-----
Conjurations   | 2 3 4 |  4.6
Fire Magic     | 4 5 |  5.3
Spellcasting   | 4 |  4.9
Dodging        | |  2.4
Stealth        | |  2.4

Action                   |  1- 3 |  4- 6 || total
-------------------------+-------+-------++-------
Melee: Dagger            |     3 |       ||     3
       Quarterstaff      |       |     7 ||     7
 Fire: Blowgun           |       |    18 ||    18
Throw: Throwing net      |       |     1 ||     1
 Cast: Flame Tongue      |    61 |    93 ||   154
       Conjure Flame     |     1 |     6 ||     7
       Sticky Flame      |       |     2 ||     2
  Use: Scroll            |       |     1 ||     1
       Potion            |       |     3 ||     3
 Stab: Distracted        |     1 |       ||     1
       Sleeping          |       |     1 ||     1
  Eat: Chunk             |       |     6 ||     6
Armor: Robe              |     2 |     8 ||    10
Dodge: Dodged            |    18 |    34 ||    52
